 Dungeon Crawl Stone Soup version 0.24-a0-408-gcc1054c (webtiles) character file.

Game seed: 7223197774792045812

10186 Darkshadow the Basher (level 11, -1/101 (102) HPs)
             Began as a Minotaur Berserker on June 5, 2019.
             Was a High Priest of Trog.
             Slain by a komodo dragon (27 damage)
             ... on level 9 of the Dungeon.
             The game lasted 00:19:21 (9717 turns).

Darkshadow the Basher (Minotaur Berserker)          Turns: 9717, Time: 00:19:22

HP:   -1/101 (102)  AC: 15    Str: 23    XL:     11   Next: 32%
MP:   10/10         EV:  9    Int:  4    God:    Trog [*****.]
Gold: 505           SH:  0    Dex: 12    Spells: 10/10 levels left

rFire    . . .     SeeInvis .   K - +0 morningstar
rCold    . . .     Gourm    .   (no shield)
rNeg     . . .     Faith    .   o - +1 plate armour
rPois    .         Spirit   .   (helmet restricted)
rElec    .         Reflect  .   (no cloak)
rCorr    .         Harm     .   (no gloves)
MR       +....                  (no boots)
Stlth    ..........             A - amulet of the acrobat
HPRegen  0.26/turn              g - ring of flight
MPRegen  0.12/turn              s - ring of protection from magic

@: no status effects
A: retaliatory headbutt, horns 2
a: Berserk, Trog's Hand, Brothers in Arms, Renounce Religion, Evoke Flight


You were on level 9 of the Dungeon.
You worshipped Trog.
Trog was extremely pleased with you.
You were not hungry.

You visited 1 branch of the dungeon, and saw 10 of its levels.
You also visited: Sewer.

You collected 505 gold pieces.

Inventory:

Hand Weapons
 a - a +0 mace
 x - a +2 whip of freezing
 K - a +0 morningstar (weapon)
Armour
 b - a +0 animal skin
 o - a +1 plate armour (worn)
Jewellery
 g - a ring of flight (left hand)
 s - a ring of protection from magic (right hand)
 A - an amulet of the acrobat (around neck)
 G - a -3 ring of strength
 L - an uncursed ring of resist corrosion {unknown}
 N - an uncursed amulet of faith {unknown}
Wands
 z - a wand of iceblast (6)
 B - a wand of digging (5)
 E - a wand of flame (40)
 H - a wand of polymorph (26)
 I - a wand of random effects (11)
Scrolls
 d - 8 scrolls of teleportation
 f - a scroll of enchant armour
 h - 13 scrolls of identify {@r1}
 k - 2 scrolls of remove curse {@r2}
 m - 2 scrolls of enchant weapon
 p - 3 scrolls of magic mapping
 t - 2 scrolls of blinking
 y - 2 scrolls of fear
 C - a scroll of immolation {unknown}
 F - a scroll of fog {unknown}
 J - 2 scrolls of noise {unknown}
Potions
 e - 3 potions of flight
 i - a potion of might {unknown}
 j - a potion of brilliance {unknown}
 l - 7 potions of curing {@q1}
 n - 2 potions of degeneration {unknown}
 q - 2 potions of agility {unknown}
 r - 2 potions of heal wounds {unknown}
 u - a potion of lignification {unknown}
 v - 3 potions of magic {unknown}
 w - 3 potions of resistance
 D - a potion of ambrosia {unknown}
Comestibles
 c - 12 rations


   Skills:
 + Level 11.2 Fighting
 * Level 14.2 Maces & Flails
 + Level 10.9 Armour
 - Level 4.5 Dodging


You had 10 spell levels left.
You didn't know any spells.
Your spell library was empty.

Dungeon Overview and Level Annotations

Branches:
Dungeon (10/15)            Temple (0/1) D:5            Lair (0/6) D:8
    Orc: D:9-12

Altars:
Ashenzari
Cheibriados
Ru
Wu Jian

Shops:
D:5 %

Annotations:
D:7 2 transporters, PanadianCanda's ghost, journeyman DECj


Innate Abilities, Weirdness & Mutations

You reflexively headbutt those who attack you in melee.
You have a pair of horns on your head.


Message History

Something hits you but does no damage. Something hits you but does no damage.
The komodo dragon misses you.
There is a stone staircase leading up here.
The komodo dragon bites you!
You climb upwards.
Reactivating autopickup.
There is a stone staircase leading down here.
You are too injured to fight recklessly!
You are too injured to fight recklessly!
You are too injured to fight recklessly!
Your plate armour prevents you from hitting the komodo dragon.
The komodo dragon bites you!
You sock the komodo dragon!
The komodo dragon is moderately wounded.
The komodo dragon bites you!
* * * LOW HITPOINT WARNING * * *
You thump the komodo dragon! You headbutt the komodo dragon!
The komodo dragon is almost dead.
The komodo dragon bites you!!
You die...

######### ##############
........### #.......)....#
........'.####............#
(.......#....'............#
........######............#
........# #............#
........# #.l@.........#
........# #............#
........# #[)..........#
........# #>[[.........#
######### ##)###########
#.....####### ######
#####<......# .....#
#######.# ####'####
###########'##


You could see a komodo dragon.

Vanquished Creatures
  Gastronok (D:9)
  Harold (D:7)
  Pikel (D:5)
  A queen bee (D:8)
  Grinder (D:5)
  A hippogriff (D:7)
  A wyvern (D:9)
  2 hungry ghosts (D:8)
  2 wargs (D:8)
  Menkaure (D:5)
  Duvessa (D:7)
  2 water moccasins
  7 orc warriors
  A sky beast (D:6)
  A hornet zombie (D:7)
  4 slaves (D:5)
  3 phantoms
  3 ice beasts
  A necrophage (D:8)
  5 ogres
  2 centaurs
  4 big kobolds
  Blork the orc (D:5)
  5 bullfrogs
  A water moccasin zombie (D:8)
  Dowan (D:7)
  2 scorpions
  5 wights (D:7)
  20 killer bees
  4 howler monkeys
  4 crimson imps
  A hound (D:7)
  2 jellies
  8 orc wizards
  2 bullfrog skeletons
  A gnoll shaman (D:8)
  11 orc priests
  2 centaur skeletons (D:8)
  8 worker ants
  An iguana (D:5)
  A killer bee zombie (D:8)
  15 gnolls
  19 adders
  A river rat (Sewer)
  2 shadow imps (D:5)
  2 oozes (Sewer)
  2 adder skeletons
  3 worms
  2 dart slugs
  5 leopard geckos
  47 orcs
  14 giant cockroaches
  7 goblins
  6 hobgoblins
  14 jackals
  8 kobolds
  4 quokkas
  7 ball pythons
  9 bats
  5 frilled lizards
  2 leopard gecko skeletons
  A quokka skeleton (D:7)
  5 rats
  A butterfly (D:5)
307 creatures vanquished.

Vanquished Creatures (others)
  A plant (D:8)
1 creature vanquished.

Grand Total: 308 creatures vanquished

Notes
Turn   | Place    | Note
-------+----------+-------------------------------------------
     0 | D:1      | Darkshadow the Minotaur Berserker began the quest for the
                  | Orb.
     0 | D:1      | Reached XP level 1. HP: 19/19 MP: 0/0
   135 | D:1      | Reached XP level 2. HP: 27/27 MP: 1/1
   219 | D:1      | You fall into a shaft and drop 1 floor!
   253 | D:2      | Noticed a howler monkey
   260 | D:2      | Killed a howler monkey
   260 | D:2      | Reached skill level 4 in Maces & Flails
   260 | D:2      | Reached XP level 3. HP: 19/33 MP: 2/2
   443 | D:2      | Reached XP level 4. HP: 26/40 MP: 3/3
   813 | D:2      | Reached ** piety under Trog
  1495 | D:3      | Reached XP level 5. HP: 24/47 MP: 4/4
  1619 | D:3      | Found a sacrificial altar of Ru.
  1632 | D:3      | Reached skill level 5 in Fighting
  1679 | D:3      | Reached skill level 5 in Maces & Flails
  2272 | D:4      | Reached XP level 6. HP: 52/56 MP: 5/5
  2564 | D:4      | Found a shattered altar of Ashenzari.
  2682 | D:4      | Reached *** piety under Trog
  2730 | D:4      | Found a glowing drain.
  2746 | Sewer    | Entered a sewer
  2817 | Sewer    | Reached skill level 5 in Armour
  2817 | Sewer    | Reached XP level 7. HP: 37/62 MP: 6/6
  3067 | Sewer    | Reached skill level 6 in Maces & Flails
  3634 | D:5      | Entered Level 5 of the Dungeon
  3679 | D:5      | Noticed Blork the orc
  3686 | D:5      | Killed Blork the orc
  3714 | D:5      | Reached skill level 7 in Maces & Flails
  3842 | D:5      | Noticed Menkaure
  3850 | D:5      | Killed Menkaure
  3850 | D:5      | Reached XP level 8. HP: 70/71 MP: 7/7
  3868 | D:5      | Found a staircase to the Ecumenical Temple.
  4158 | D:5      | Noticed Grinder
  4178 | D:5      | Killed Grinder
  4178 | D:5      | Reached skill level 8 in Maces & Flails
  4190 | D:5      | Noticed Pikel
  4210 | D:5      | Killed Pikel
  4210 | D:5      | Reached skill level 9 in Maces & Flails
  4289 | D:5      | Found Deecutucy's Food Emporium.
  4398 | D:5      | You fall into a shaft and drop 1 floor!
  4826 | D:6      | Reached XP level 9. HP: 79/81 MP: 8/8
  4837 | D:6      | Reached **** piety under Trog
  5017 | D:6      | Reached skill level 10 in Maces & Flails
  5406 | D:7      | Found a transporter.
  5406 | D:7      | Noticed PanadianCanda's ghost (journeyman DECj)
  5407 | D:7      | Found a transporter.
  5495 | D:7      | Found an ornate altar of the Wu Jian Council.
  5593 | D:7      | Noticed Harold
  5607 | D:7      | Killed Harold
  5607 | D:7      | Reached skill level 11 in Maces & Flails
  5613 | D:7      | Reached XP level 10. HP: 13/91 MP: 9/9
  6455 | D:7      | Reached skill level 12 in Maces & Flails
  6463 | D:7      | Noticed Dowan
  6470 | D:7      | Killed Dowan
  6475 | D:7      | Noticed Duvessa
  6486 | D:7      | Killed Duvessa
  6755 | D:8      | Reached ***** piety under Trog
  6860 | D:8      | Found a staircase to the Lair.
  6867 | D:8      | Reached skill level 10 in Fighting
  6995 | D:8      | Paralysed by fainting for 6 turns
  7131 | D:8      | Reached skill level 13 in Maces & Flails
  7156 | D:8      | Reached skill level 10 in Armour
  8628 | D:9      | Reached XP level 11. HP: 83/100 MP: 10/10
  8939 | D:9      | Noticed Gastronok
  8940 | D:9      | Found a snail-covered altar of Cheibriados.
  8959 | D:9      | Killed Gastronok
  8959 | D:9      | Reached skill level 14 in Maces & Flails
  9137 | D:10     | Entered Level 10 of the Dungeon
  9717 | D:9      | Slain by a komodo dragon

Levels and vault maps discovered:
D:1:      lemuel_arrival_lava_pool, layout_basic, minmay_misc_feat_rows,
          minivault_14
D:2:      layout_basic
D:3:      layout_loops_ring, nicolae_ru_great_annihilating_truth
D:4:      layout_basic, nicolae_overflow_hidden_temple,
          cheibrodos_ashenzari_chains, first_ration, portal_sewer_entry_f,
          minmay_misc_feat_tower, uniq_robin
D:5:      layout_loops_ring, minmay_temple_entry_butterflies, serial_shops,
          shop_statue, grunt_ministairs_2, uniq_blork_the_orc, uniq_grinder,
          uniq_pikel, uniq_menkaure
D:6:      layout_basic
D:7:      layout_loops_ring, lemuel_crystal_altar, gammafunk_ghost_mausoleum,
          uniq_duvessa, uniq_harold
D:8:      layout_basic, erik_lair_orcish_takeover, david_nohive_1
D:9:      layout_roguey, slow_altar_1, uniq_gastronok
D:10:     layout_rooms, orc_0_dummy, serial_shops, shop_statue

Skill      XL: |  1  2  3  4  5  6  7  8  9 10 11 |
---------------+----------------------------------+-----
Fighting       | 4 5 6 8 9 10 11 | 11.2
Maces & Flails | 4 5 7 9 11 13 14 | 14.2
Armour         | 3 4 5 6 7 9 10 | 10.9
Dodging        | 3 4 |  4.5

Action                   |  1- 3 |  4- 6 |  7- 9 | 10-12 || total
-------------------------+-------+-------+-------+-------++-------
Melee: Mace              |    36 |   200 |   192 |       ||   428
       Headbutt          |     9 |    36 |    64 |    79 ||   188
       Whip              |       |       |    22 |       ||    22
       Morningstar       |       |       |   106 |   373 ||   479
Invok: Trog's Hand       |       |     3 |     4 |     4 ||    11
       Berserk           |       |     2 |     4 |     4 ||    10
  Use: Scroll            |       |     4 |     1 |     4 ||     9
 Stab: Paralysed         |       |     2 |       |       ||     2
  Eat: Chunk             |       |     9 |    10 |    19 ||    38
       Ration            |       |       |     1 |     1 ||     2
Armor: Animal skin       |     6 |     9 |       |       ||    15
       Plate armour      |       |   106 |   160 |   267 ||   533
Dodge: Dodged            |    33 |   111 |   120 |   265 ||   529

Table legend:
 A = Non-vault XP
 B = Vault XP
 C = Vault XP percentage of total XP
 D = Non-vault monster count
 E = Vault monster count
 F = Vault count percentage of total count
                 A         B        C        D         E       F
            +---------+---------+-------+---------+---------+-------
      Total |    7584 |    6968 |  47.9 |     239 |      63 |  20.9
            +---------+---------+-------+---------+---------+-------
        D:1 |      41 |       0 |   0.0 |      26 |       0 |   0.0
        D:2 |     105 |       0 |   0.0 |      13 |       0 |   0.0
        D:3 |     165 |      60 |  26.7 |      29 |       4 |  12.1
        D:4 |     326 |      12 |   3.6 |      19 |       5 |  20.8
        D:5 |     323 |    1245 |  79.4 |      20 |       6 |  23.1
        D:6 |     774 |       0 |   0.0 |      15 |       0 |   0.0
        D:7 |    2231 |    1283 |  36.5 |      47 |       3 |   6.0
        D:8 |    1563 |    1829 |  53.9 |      36 |      24 |  40.0
        D:9 |    1420 |    2146 |  60.2 |      21 |       2 |   8.7
       D:10 |     636 |       0 |   0.0 |      13 |       0 |   0.0
      Sewer |       0 |     393 | 100.0 |       0 |      19 | 100.0
            +---------+---------+-------+---------+---------+-------
